[Event "Frauenbundesliga 2021-22"]
[Site "Germany"]
[Date "2022.05.25"]
[Round "9.15"]
[White "Rapport, Jovana"]
[Black "Stefanova, Antoaneta"]
[Result "1/2-1/2"]
[ECO "C47"]
[WhiteElo "2294"]
[BlackElo "2458"]
[Annotator "TA"]
[PlyCount "85"]
[EventDate "2021.11.26"]
[EventType "team-tourn"]
[EventCountry "GER"]
[SourceTitle "playchess.com"]
[Source "ChessBase"]
[SourceQuality "1"]
[WhiteTeam "Schachfreunde Deizisau"]
[BlackTeam "OSG Baden-Baden"]
[WhiteTeamCountry "SRB"]
[BlackTeamCountry "BUL"]
[TimeControl "40/5400+30:1800+30"]

1. e4 e5 2. Nf3 Nc6 3. Nc3 Nf6 4. d4 exd4 5. Nxd4 Bb4 6. Nxc6 bxc6 7. Bd3 O-O 8. O-O d5 9. exd5 cxd5 10. Bg5 Be6 11. Qf3 Be7 12. h3 h6 $1 {[%emt 0:02:48] The main line 12...h6 scores better than 12...Rb8. C47: Scotch Four Knights and Four Knights with 4 g3.} 13. Bh4 c5 14. Rad1 {[%emt 0:05:01] [#]} d4 $146 {[%emt 0:09:35] The position is equal.} ({Predecessor:} 14... Rb8 15. b3 Rb4 16. Bc4 g5 17. Bg3 d4 18. Bxe6 fxe6 19. Rfe1 Qc8 20. Ne4 Rf7 {1-0 (36) Bykhovsky,A (2364)-Haitsma,A (2107) Hoogeveen 2008}) 15. Bxf6 Bxf6 16. Ne4 Be7 17. Nd2 {[%emt 0:04:01] Prevents c4.} Rb8 18. b3 Rb6 19. Nc4 Bd5 20. Qg4 Rf6 21. Rde1 g6 22. Re5 Be6 23. Qe2 Kg7 24. Qd2 Qc7 {[%emt 0:03:23] [#] Strongly threatening ...Bxc4.} 25. Rfe1 Rd8 26. a4 Rd5 27. Qe2 {[%emt 0:06:46] Threatens to win with Rxd5.} Bd8 28. Nd2 Qc8 29. Rxd5 Bxd5 30. Bc4 (30. Qe5 {keeps more tension.} Bb7 31. Ne4 Bxe4 32. Rxe4 Bc7 33. Qe7) 30... Bxc4 31. Nxc4 Re6 32. Qd1 h5 33. Re2 Bc7 34. Qe1 Rxe2 35. Qxe2 $11 {[%emt 0:00:01][%mdl 4096] Endgame KQB-KQN} Qd8 {[%emt 0:00:30] Inhibits Qe7.} 36. Qe4 h4 {[%emt 0:00:08] Against g3} 37. Qc6 Qe7 (37... Bb6 $11) 38. Kf1 $14 Bh2 39. Qd5 {[%emt 0:02:08] Inhibits Qg5.} Bf4 40. Nb2 Bd6 41. Nc4 Bf4 42. Nb2 Bd6 43. Nc4 {[%emt 0:00:05] Weighted Error Value: White=0.07 (flawless) /Black=0.06 (flawless)} 1/2-1/2

[Event "Frauenbundesliga 2021-22"]
[Site "Germany"]
[Date "2022.05.25"]
[Round "9.16"]
[White "Zatonskih, Anna"]
[Black "Koepke, Elena"]
[Result "1-0"]
[ECO "D27"]
[WhiteElo "2386"]
[BlackElo "2285"]
[Annotator "TA"]
[PlyCount "123"]
[EventDate "2021.11.26"]
[EventType "team-tourn"]
[EventCountry "GER"]
[SourceTitle "playchess.com"]
[Source "ChessBase"]
[SourceQuality "1"]
[WhiteTeam "OSG Baden-Baden"]
[BlackTeam "Schachfreunde Deizisau"]
[WhiteTeamCountry "USA"]
[BlackTeamCountry "GER"]
[TimeControl "40/5400+30:1800+30"]

1. d4 d5 2. c4 dxc4 3. Nf3 Nf6 4. e3 e6 5. Bxc4 c5 6. O-O a6 7. Be2 {[%emt 0:01:40] D27: Queen's Gambit Accepted: Classical main line: 7 e4!? and 7 a4.} Nc6 8. dxc5 Bxc5 9. Qxd8+ {[%emt 0:00:27] White is slightly better.} Kxd8 10. b3 $1 {[%emt 0:00:31][%mdl 4] is more profitable than 10.Nbd2 at the moment.} Ke7 11. Bb2 Bd7 12. Rc1 b6 13. Nbd2 Rhd8 {[%emt 0:05:39] [#]} 14. Nc4 $146 ({Predecessor:} 14. a3) 14... Be8 15. Ne1 $1 Nd5 16. Nd3 (16. Bxg7 {is interesting.} Bb4 17. e4 Nf4 18. Bf3) 16... f6 17. Nxc5 bxc5 18. Ba3 {[%emt 0:00:09] A strong pair of Bishops.} Ndb4 19. Kf1 Kf7 20. Ke1 Rab8 21. Nb2 Rd5 22. Na4 Ne5 23. Nxc5 Rxc5 {[%emt 0:00:56][%mdl 64] Remove Defender} 24. Rxc5 Ned3+ 25. Bxd3 Nxd3+ 26. Kd2 Nxc5 27. Bxc5 $14 {[%emt 0:00:04][%mdl 4096] Endgame KRB-KRB} Rc8 28. Rc1 e5 29. a4 Ke6 30. e4 g6 31. Kd3 f5 32. Kc4 fxe4 33. Kb4 {[%emt 0:01:48] Threatens to win with Ka5.} Rb8+ $1 34. Ka3 Bc6 (34... Rc8 $14) 35. Ba7 $16 Rc8 36. Kb4 e3 37. fxe3 Kd7 38. Rd1+ Kc7 39. g3 Kb7 40. Bc5 Re8 (40... Be4 $16 41. Rd6 (41. Rd7+ Rc7 $16) 41... Rc6) 41. Rd6 $18 e4 42. Rf6 Rd8 43. Bd6 Bd5 44. Bc5 Bc6 $1 45. Kc4 Bd5+ 46. Kc3 $1 Bg8 {[%emt 0:10:36] [#]} 47. b4 ({Better is} 47. Rb6+ $1 $18 Kc7 48. a5 (48. Rxa6 Rd3+ 49. Kb2 Rxb3+ 50. Kc2 Bc4 $16)) 47... Rd3+ $16 48. Kb2 Bc4 49. h4 Rb3+ 50. Kc2 Rd3 51. b5 axb5 {[%emt 0:00:35] [#]} 52. a5 {[%emt 0:00:00][%cal Ba4a5,Ba5a6,Ba6a7][%mdl 32] And now a6+ would win.} ({Don't do} 52. axb5 Rd5 $16) 52... b4 53. Rb6+ ({Don't take} 53. Bxb4 $6 Rxe3 54. Rb6+ Ka8 $14) 53... Kc7 54. Rxb4 Bd5 (54... Ba6 {keeps fighting.} 55. Rxe4 Rd5 56. Bb6+ Kd7) 55. a6 $18 Ra3 56. a7 ({Less strong is} 56. Rd4 Ra2+ 57. Kb1 Bb3 $18) 56... Ra6 57. Rb8 Bb7 58. Kc3 Kc6 59. Bd4 h5 (59... Ra1 $142 60. Rh8 Rc1+ 61. Kb4 Rg1 62. Rxh7 Rxg3) 60. Kb4 Kc7 61. Kb5 {[%emt 0:00:36] White wants to mate with Be5+.} Rc6 62. Be5+ {[%emt 0:00:35] Weighted Error Value: White=0.09 (flawless) /Black=0.32} 1-0

[Event "Frauenbundesliga 2021-22"]
[Site "Germany"]
[Date "2022.05.25"]
[Round "9.17"]
[White "Jelica, Mara"]
[Black "Salimova, Nurgyul"]
[Result "1/2-1/2"]
[ECO "B15"]
[WhiteElo "2121"]
[BlackElo "2418"]
[Annotator "TA"]
[PlyCount "93"]
[EventDate "2021.11.26"]
[EventType "team-tourn"]
[EventCountry "GER"]
[SourceTitle "playchess.com"]
[Source "ChessBase"]
[SourceQuality "1"]
[WhiteTeam "Schachfreunde Deizisau"]
[BlackTeam "OSG Baden-Baden"]
[WhiteTeamCountry "CRO"]
[BlackTeamCountry "BUL"]
[TimeControl "40/5400+30:1800+30"]

1. e4 c6 2. d4 d5 3. Nc3 dxe4 4. Nxe4 Nf6 5. Nxf6+ exf6 6. c3 Bd6 7. Bd3 O-O 8. Qc2 {[%emt 0:00:09] Active counter play!} Re8+ {[%emt 0:00:00] B15: Caro-Kann: 3 Nc3: 3...g6 and 3...dxe4 4 Nxe4 Nf6 5 Nxf6+ exf6.} 9. Ne2 h5 (9... f5 $5) 10. O-O h4 {[%emt 0:00:00] White is slightly better.} 11. h3 Nd7 12. Bd2 Nf8 13. Rae1 Bc7 {[%emt 0:00:00] [#]} 14. Qc1 $146 ({White should play} 14. Kh1 $14) ({Predecessor:} 14. b3 Be6 15. Kh1 Qd7 16. Ng1 Rad8 17. f4 f5 18. Nf3 Ng6 19. Ng5 c5 20. Nxe6 fxe6 {1-0 (73) Sjugirov,S (2661)-Shuvalova,P (2507) Chess.com INT 2021}) 14... Be6 ({But not} 14... Qd6 15. Bf4 Qd8 16. Bxc7 Qxc7 17. Qf4 Qxf4 18. Nxf4 $11) (14... Ne6 $5 ) 15. b3 a5 (15... Qd6 16. Bf4 Qe7 17. Bxc7 Qxc7 18. Nf4 $14) (15... Ng6 $1 $15) 16. Bf4 a4 17. Bxc7 Qxc7 18. c4 axb3 19. axb3 Red8 20. Qe3 Ra5 21. Ra1 Rda8 22. Rxa5 Rxa5 23. Rd1 Rg5 (23... Ra3 $11) 24. f4 ({White should try} 24. Nc3 $16) 24... Ra5 $14 25. b4 Rh5 (25... Ra3 $11 {keeps the balance.}) 26. Ra1 g6 (26... Qd8 $16) 27. Ra8 $18 {[%emt 0:06:36][%cal Od3g6] Black must now prevent Bxg6!} Kg7 {[%emt 0:00:00] [#]} 28. Nc3 (28. d5 $1 $18 cxd5 29. c5) 28... b5 (28... Qd7 $16 29. Be2 Rh8) 29. d5 ({Don't do} 29. cxb5 cxb5 30. Bxb5 (30. Nxb5 Qc6 $11) 30... Rf5 $16) 29... cxd5 30. Nxb5 $2 (30. c5 $18) 30... Qc6 $11 {[%emt 0:00:00] The position is equal.} 31. Ra5 {[%emt 0:06:09] And now c5 would win.} dxc4 32. Nd4 Qd6 33. Rxh5 gxh5 34. Bxc4 Qxb4 35. Bxe6 Nxe6 36. Nxe6+ fxe6 37. Qxe6 Qxf4 {[%emt 0:00:17][%mdl 4096] Endgame KQ-KQ} 38. Qe7+ Kg6 39. Qe8+ Kg5 40. Qg8+ Kh6 41. Qf8+ Kg6 42. Qg8+ Kf5 43. Qh7+ Kg5 44. Qg7+ Kf5 45. Qh7+ Kg5 46. Qg7+ Kf5 47. Qh7+ {[%emt 0:00:02] Weighted Error Value: White=0.21 (precise) /Black=0.20 (precise)} 1/2-1/2

[Event "Frauenbundesliga 2021-22"]
[Site "Germany"]
[Date "2022.05.25"]
[Round "9.18"]
[White "Heinemann, Josefine"]
[Black "Valkova, Angelika"]
[Result "1-0"]
[ECO "B12"]
[WhiteElo "2300"]
[BlackElo "2066"]
[Annotator "TA"]
[PlyCount "67"]
[EventDate "2021.11.26"]
[EventType "team-tourn"]
[EventCountry "GER"]
[SourceTitle "playchess.com"]
[Source "ChessBase"]
[SourceQuality "1"]
[WhiteTeam "OSG Baden-Baden"]
[BlackTeam "Schachfreunde Deizisau"]
[WhiteTeamCountry "GER"]
[TimeControl "40/5400+30:1800+30"]

1. e4 c6 2. d4 d5 3. e5 Bf5 4. Nf3 e6 5. Be2 Nd7 6. c3 {[%emt 0:00:36] B12: Caro-Kann: Advance Variation.} Bg6 7. Nbd2 Nh6 8. O-O {[%emt 0:01:43] White is slightly better.} Nf5 9. a4 Be7 10. g4 {[%emt 0:04:57] [#]} Nh6 $146 ({Predecessor:} 10... Nh4 11. Nxh4 Bxh4 12. f4 f5 13. exf6 Bxf6 14. g5 Be7 15. Bg4 Bf5 16. Re1 O-O {½-½ (30) Fuhrwerk,K (2287)-Napalkov,V (2401) ICCF email 2009}) 11. h3 O-O 12. Nb3 f6 13. exf6 Rxf6 14. Ne5 Nxe5 15. dxe5 Rf8 16. Nd4 $36 {[%emt 0:04:57][%mdl 2048] Black is under pressure.} Bc5 $2 {[%emt 0:42:02] [#] Black cannot hold the game after this.} (16... Qc8 $14) 17. Nxe6 $18 Qh4 18. Nxc5 b6 $2 (18... Qxh3 19. g5 Nf7) 19. Ne6 Qxh3 {[%emt 0:02:48][%cal Og6e4] [#] ( -> ...Be4!)} 20. Ng5 ({Avoid the trap} 20. Nxf8 $2 Be4 21. f3 Qg3+ 22. Kh1 Nxg4 $19) 20... Qh4 21. Kg2 Be4+ 22. Nxe4 dxe4 23. Bxh6 gxh6 24. Qd2 {[%emt 0:02:26] Inhibits Rf4.} Rad8 25. Qe3 Rd3 26. Bxd3 Rf3 27. Bc4+ {[%emt 0:01:41] White mates.} Kf8 28. Qxe4 Qh3+ 29. Kg1 h5 30. e6 Ke7 31. Qxh7+ Kf6 32. Qh6+ Ke7 33. Qg7+ Kd6 34. Rad1+ {[%emt 0:00:06] Weighted Error Value: White=0.12 (very precise) /Black=0.95} 1-0

[Event "Frauenbundesliga 2021-22"]
[Site "Germany"]
[Date "2022.05.25"]
[Round "9.19"]
[White "Reizniece-Ozola, Dana"]
[Black "Cyfka, Karina"]
[Result "*"]
[ECO "A22"]
[WhiteElo "2274"]
[BlackElo "2404"]
[Annotator "TA"]
[PlyCount "78"]
[EventDate "2021.11.26"]
[EventType "team-tourn"]
[EventCountry "GER"]
[SourceTitle "playchess.com"]
[Source "ChessBase"]
[SourceQuality "1"]
[WhiteTeam "Loeberitz"]
[BlackTeam "Leipzig"]
[WhiteTeamCountry "LAT"]
[BlackTeamCountry "POL"]
[TimeControl "40/5400+30:1800+30"]

1. c4 e5 2. Nc3 Bb4 3. Qc2 Nf6 4. g3 O-O 5. Bg2 Re8 6. Nf3 {[%emt 0:03:28] A22: English Opening: 1...e5 2 Nc3 Nf6.} c6 7. O-O d5 8. cxd5 cxd5 9. d4 e4 10. Ne5 {[%emt 0:00:27] [#]} h6 $146 ({Predecessor:} 10... Nc6 11. Nxc6 bxc6 12. Na4 Bg4 13. f3 exf3 14. exf3 Bd7 15. Nc5 Qb6 16. Bg5 Bxc5 17. dxc5 {½-½ (30) Krasenkow,M (2626)-Moiseenko,A (2648) Trzcianka 2018}) 11. f3 exf3 12. exf3 Nc6 13. Nxc6 bxc6 14. Rd1 Bd6 15. Na4 Qc7 16. Bd2 (16. Bf1 $11) 16... Nh5 ({Don't do} 16... Re2 17. Qd3 Re7 18. Re1 $11) (16... h5 $1 $15) 17. Rac1 (17. Re1 $5 Bb7 18. Nc5 $14) 17... Bd7 18. Be1 g6 19. b4 Rac8 20. Nc5 Bf5 21. Qd2 Kh7 22. Bf2 Ng7 23. Bf1 h5 24. a4 Qe7 25. Re1 Qf8 26. Rxe8 (26. Be3 {looks sharper.} Rc7 27. Bh6 Rce7 28. Rxe7 Qxe7 29. Bg5) 26... Qxe8 27. Re1 Qf8 28. Qe2 Re8 29. Qa6 Rxe1 30. Bxe1 Qe7 31. Bf2 Qc7 32. Qe2 Ne6 33. Nxe6 Bxe6 34. Be1 Qb6 35. Qd2 Bc8 36. a5 Qd8 37. b5 cxb5 38. Bxb5 Qf6 39. Qe3 Be6 {[%emt 0:00:36] Weighted Error Value: White=0.10 (very precise) /Black=0.09 (flawless)} *

[Event "Frauenbundesliga 2021-22"]
[Site "Germany"]
[Date "2022.05.25"]
[Round "9.20"]
[White "Kulon, Klaudia"]
[Black "Rogule, Laura"]
[Result "0-1"]
[ECO "A36"]
[WhiteElo "2305"]
[BlackElo "2297"]
[Annotator "TA"]
[PlyCount "76"]
[EventDate "2021.11.26"]
[EventType "team-tourn"]
[EventCountry "GER"]
[SourceTitle "playchess.com"]
[Source "ChessBase"]
[SourceQuality "1"]
[WhiteTeam "Leipzig"]
[BlackTeam "Loeberitz"]
[WhiteTeamCountry "POL"]
[BlackTeamCountry "LAT"]
[TimeControl "40/5400+30:1800+30"]

1. c4 c5 2. Nc3 Nc6 3. g3 g6 4. Bg2 Bg7 5. a3 Nf6 6. Rb1 a5 {[%emt 0:03:30] 6...0-0 is more fashionable.} 7. e4 O-O 8. d3 d6 {[%emt 0:04:05] A36: Symmetrical English vs ...g6: 4 Bg2 Bg7.} 9. h3 Ne8 10. Nge2 Nc7 {[%emt 0:06:11] [#] The position is equal.} 11. g4 $146 ({Predecessor:} 11. O-O Rb8 12. Nd5 Ne6 13. Nec3 Ned4 14. Kh2 e6 15. Ne3 f5 16. f4 Bd7 17. Bd2 h5 18. a4 h4 19. g4 {1-0 (36) Miezis,N (2434)-Barski,R (2452) Katowice 2017}) 11... Nd4 12. Be3 Bd7 13. a4 e6 14. h4 (14. Nb5 $11 {remains equal.}) 14... f5 (14... e5 $5 15. Ng3 Na6 $15) 15. h5 fxg4 16. hxg6 hxg6 17. e5 Bxe5 {[%emt 0:04:03][%cal Od6d5] And now ...d5! would win.} 18. Nxd4 (18. Ne4 $1 $15 Nf3+ 19. Bxf3 gxf3 20. Ng1) 18... cxd4 $17 19. Qxg4 dxe3 ({Don't play} 19... Qf6 20. Ne4 (20. Qh3 $2 Qf7 $19) 20... Qf5 21. Qh4 $1 $14) 20. Qxg6+ Bg7 21. Be4 {[%emt 0:00:14][%cal Oh1h8] Rh8+! would kill now.} exf2+ 22. Kd2 {[%emt 0:00:48][%cal Oh1h8] [#] White threatens Rh8+! and mate.} Rf5 $1 23. Bxf5 exf5 24. Rh2 {[%emt 0:10:40][%cal Oc3e4] [#]} ({But not} 24. Nb5 $2 Nxb5 25. axb5 Qe7 26. Qh7+ Kf8 $19) 24... Qf6 $1 ({And not} 24... Qe8 25. Qxd6 Qe5 26. Qxe5 Bxe5 27. Rxf2 $17) 25. Qg2 (25. Qxf6 {was called for.} Bxf6 26. Rxf2) 25... Bc6 $19 26. Qxf2 Ne6 27. Rf1 Nd4 {[%emt 0:00:00] Strongly threatening ...Nf3+.} 28. Kc1 Re8 29. Kb1 Ne2 30. Nd1 (30. Qe1 {was necessary.} Nxc3+ 31. Qxc3) 30... Bxa4 31. Qb6 f4 32. Qxb7 Qd4 {[%emt 0:00:26] Prevents Nc3.} 33. Nf2 {[%emt 0:01:40] [#]} (33. Rg2) 33... Bc6 $1 34. Qb3 a4 35. Qb4 Re7 {[%emt 0:00:24] ( -> ...Rb7)} 36. Nd1 Qxd3+ {[%emt 0:00:21] Black mates.} 37. Ka1 Rb7 38. Qa5 Qa3+ {[%emt 0:00:27] Weighted Error Value: White=0.81/Black=0.29 (precise)} 0-1

[Event "Frauenbundesliga 2021-22"]
[Site "Germany"]
[Date "2022.05.25"]
[Round "9.21"]
[White "Berzina, Ilze"]
[Black "Hincu, Olga"]
[Result "1-0"]
[ECO "E01"]
[WhiteElo "2180"]
[BlackElo "2078"]
[Annotator "TA"]
[PlyCount "85"]
[EventDate "2021.11.26"]
[EventType "team-tourn"]
[EventCountry "GER"]
[SourceTitle "playchess.com"]
[Source "ChessBase"]
[SourceQuality "1"]
[WhiteTeam "Loeberitz"]
[BlackTeam "Leipzig"]
[WhiteTeamCountry "LAT"]
[BlackTeamCountry "MDA"]
[TimeControl "40/5400+30:1800+30"]

1. d4 d5 2. c4 e6 3. Nf3 Nf6 4. g3 Nbd7 5. Bg2 c6 6. Qc2 Bd6 7. O-O e5 {[%emt 0:07:26] E01: Catalan: Early deviations.} (7... O-O $11) 8. cxd5 $16 cxd5 9. dxe5 Nxe5 {[%emt 0:00:05] White is better.} 10. Nc3 O-O 11. Rd1 Be6 12. Bg5 Rc8 13. Nd4 h6 14. Bf4 {[%emt 0:03:56] [#]} (14. Bxf6 $16 Qxf6 15. Bxd5) 14... Qd7 $146 (14... Nc4 $11 {keeps the balance.}) ({Predecessor:} 14... a6 15. Qb3 Qa5 16. Nxe6 fxe6 17. e4 Nfg4 18. exd5 Nxf2 19. Kxf2 g5 20. Ne4 Bc5+ {1-0 (38) Mazalon,M (2148)-Wodzynski,M (1929) Znin 2008}) 15. Nxe6 {[%emt 0:03:22] Black is now going downhill.} fxe6 16. e4 Neg4 {[%emt 0:16:45] [#]} ({Better is} 16... d4 17. Rxd4 Qe7) 17. Bxd6 $1 Qxd6 18. exd5 (18. h3 $6 Nxe4 19. Nxe4 Rxc2 $11) 18... exd5 19. h3 Ne5 20. Qb3 (20. Bxd5+ Nxd5 21. Qb3 Qb6 22. Qxd5+ Kh8 23. Qxe5 Qxf2+ 24. Kh1 Qf3+ 25. Kh2 Qf2+ 26. Kh1 Qf3+ 27. Kh2 Qf2+ 28. Kh1 $11) 20... Kh8 21. Nxd5 Nxd5 22. Rxd5 (22. Rd2 Nc4 23. Rxd5 Qf6 $16) 22... Qf6 23. f4 Nc4 24. Re1 b6 25. Rd7 Nxb2 $2 (25... Rfd8 $16 {keeps fighting.} 26. Qb5 Nd6 27. Rxd8+ Rxd8) 26. Qe6 $2 (26. Rxa7 Rfd8 27. Rf7 Qd4+ 28. Kh2 Qc4 $16) (26. Ree7 $18 Rg8 27. Kh2 (27. Rxa7 Rc1+ 28. Kh2 Nc4 $16)) 26... Qc3 (26... Qxe6 $16 27. Rxe6 Rfd8) 27. Kh2 Rfd8 $2 (27... Nd3 $16 28. Re3 Nc5 29. Rxc3 Nxe6 30. Rxc8 Rxc8) 28. Rxa7 $18 {[%emt 0:02:01][%cal Oe6g6] [#] aiming for Qg6!} Rd2 29. Re2 Rcd8 (29... Rxe2 30. Qxe2 Nd3) 30. Rxd2 Qxd2 31. Qe7 (31. Qe5 $142 Rg8 32. Rc7) 31... Rg8 (31... Qd4 {is a better defense.} 32. f5 Qf6) 32. Rd7 Qc2 33. Rc7 Qf2 34. Qe4 {[%emt 0:00:33] And now Rc2 would win.} Rd8 $2 (34... Nd1 35. Re7 Qc5) 35. Qg6 Qd4 36. Rc2 $40 {[%emt 0:00:17][%mdl 128] White has strong attack.} (36. Be4 Qf2+ 37. Bg2 Qd4 $18) (36. Rf7 $142 {Intending f5 and mate.} Nd3 37. f5) 36... Qb4 $2 (36... Nd1 37. Be4 Kg8 38. Qh7+ (38. Rc7 Qb2+ 39. Bg2 Qf6 $18) 38... Kf7 39. Qf5+ (39. Rc7+ Rd7 $16) 39... Kg8 40. Qh7+ Kf7 41. Bg6+ (41. Rc7+ Rd7 $16) 41... Ke7) 37. h4 (37. Be4 $142 Qxe4 38. Qxe4) 37... Nd1 38. Re2 {[%emt 0:01:20] Inhibits Ne3. Threatening mate with Re8+.} ({Less strong is} 38. Rc7 Qb2 $18) (38. Be4 Rd2+ 39. Bg2 (39. Rxd2 Qxd2+ 40. Bg2 Ne3 $11) 39... Rxc2 40. Qxc2 Ne3 $16) 38... Nc3 39. Re6 {[%emt 0:00:16] Threatens to win with f5.} b5 $2 (39... Qb2 40. Qh5 Kg8) 40. f5 {[%emt 0:00:38][%cal Bf4f5,Bf5f6][%mdl 32] f6 is the strong threat. White is clearly winning.} Qb1 41. Re8+ Rxe8 42. Qxe8+ Kh7 43. f6 {[%emt 0:00:10] Weighted Error Value: White=0.54/Black=0.57} 1-0

[Event "Frauenbundesliga 2021-22"]
[Site "Germany"]
[Date "2022.05.25"]
[Round "9.22"]
[White "Germann, Heike"]
[Black "Otikova, Elina"]
[Result "1/2-1/2"]
[ECO "E30"]
[WhiteElo "1997"]
[BlackElo "2090"]
[Annotator "TA"]
[PlyCount "90"]
[EventDate "2021.11.26"]
[EventType "team-tourn"]
[EventCountry "GER"]
[SourceTitle "playchess.com"]
[Source "ChessBase"]
[SourceQuality "1"]
[WhiteTeam "Leipzig"]
[BlackTeam "Loeberitz"]
[WhiteTeamCountry "GER"]
[BlackTeamCountry "LAT"]
[TimeControl "40/5400+30:1800+30"]

1. d4 Nf6 2. c4 e6 3. Nc3 d5 4. Bg5 Bb4 5. e3 h6 6. Bh4 O-O 7. Nf3 {[%emt 0:00:56] E30: Nimzo-Indian: Leningrad Variation.} Nbd7 8. Bd3 dxc4 9. Bxc4 c5 10. Rc1 a6 11. dxc5 Bxc5 12. O-O b5 13. Bd3 {[%emt 0:05:03] [#]} Bb7 $146 {[%emt 0:04:48] [#]} ({Predecessor:} 13... Qb6 14. Ne4 Be7 15. Nxf6+ Nxf6 16. Ne5 g5 17. Nc6 Bc5 18. Qf3 Kg7 19. b4 Bd6 {1-0 (32) Danisova,D-Palkova,H (2055) Frenstat 1989}) 14. Be4 $1 Qb6 15. Bxb7 Qxb7 16. Qe2 Rac8 17. Rfd1 Rc6 18. Rc2 Rfc8 19. Rcd2 Bb4 20. Bxf6 Nxf6 21. Rd8+ Rxd8 22. Rxd8+ Bf8 23. Ne5 {[%emt 0:08:10] [#]} (23. Nd4 $11 {remains equal.} Rd6 24. Rxd6 Bxd6 25. g3) 23... Rd6 ({Black should play} 23... Rxc3 $1 $17 24. bxc3 Qc7 25. Nxf7 Kxf7) 24. Rxd6 $11 Bxd6 25. Nf3 Qc6 26. Qd1 Bc7 27. Ne2 Qc4 28. b3 Qc5 29. Qc1 Qd6 30. Qd2 Nd5 31. Kf1 Qc5 32. Qc1 Qxc1+ 33. Nxc1 {[%emt 0:00:01][%mdl 4096] Endgame KBN-KNN} Nc3 34. Nd4 {[%emt 0:00:46] The position is equal.} Bd6 (34... Bxh2 35. g3 $16) 35. Nde2 Nd5 36. Nd3 Kf8 ({But not} 36... Bxh2 37. g3 $16) 37. e4 Nb4 38. Nxb4 Bxb4 {[%emt 0:00:01] KB-KN} 39. Nd4 Bc3 40. Nc2 Ke7 41. Ke2 Kd6 42. Kd3 Bb2 43. Nd4 Kc5 44. Nc2 a5 45. f3 h5 {[%emt 0:00:00] Weighted Error Value: White=0.11 (very precise) /Black=0.09 (flawless)} 1/2-1/2

[Event "Frauenbundesliga 2021-22"]
[Site "Germany"]
[Date "2022.05.25"]
[Round "9.23"]
[White "Naumann, Nadine"]
[Black "Just, Anita"]
[Result "*"]
[WhiteElo "1951"]
[BlackElo "1895"]
[Annotator "TA"]
[PlyCount "25"]
[EventDate "2021.11.26"]
[EventType "team-tourn"]
[EventCountry "GER"]
[SourceTitle "playchess.com"]
[Source "ChessBase"]
[SourceQuality "1"]
[WhiteTeam "Loeberitz"]
[BlackTeam "Leipzig"]
[WhiteTeamCountry "GER"]
[BlackTeamCountry "GER"]
[TimeControl "40/5400+30:1800+30"]

1. e4 e6 2. d4 d5 {[%emt 0:00:06] An uneventful encounter.} {Predecessor:} 3. Nc3 Nc6 4. e5 f6 5. Bb5 Qd7 6. Nf3 {C10: French with 3 Nc3: Unusual Black 3rd moves and 3...dxe4.} a6 7. Bxc6 Qxc6 8. O-O Ne7 9. exf6 gxf6 10. Nh4 h5 11. Qf3 Bg7 12. b3 e5 13. Ba3 {½-½ (37) Mamedyarov,S (2759)-Rapport,R (2776) Bucharest 2022} *

[Event "Frauenbundesliga 2021-22"]
[Site "Germany"]
[Date "2022.05.25"]
[Round "9.25"]
[White "Sieber, Fiona"]
[Black "Cosma, Elena-Luminita"]
[Result "1/2-1/2"]
[ECO "C09"]
[WhiteElo "2264"]
[BlackElo "2277"]
[Annotator "TA"]
[PlyCount "86"]
[EventDate "2021.11.26"]
[EventType "team-tourn"]
[EventCountry "GER"]
[SourceTitle "playchess.com"]
[Source "ChessBase"]
[SourceQuality "1"]
[WhiteTeam "SK Lehrte"]
[BlackTeam "SV Hemer 1932"]
[WhiteTeamCountry "GER"]
[BlackTeamCountry "ROU"]
[TimeControl "40/5400+30:1800+30"]

1. e4 {[%emt 0:00:02] Caruana,F} e6 2. d4 d5 3. Nd2 c5 4. Ngf3 Nc6 5. exd5 exd5 6. Bb5 cxd4 7. O-O Bd6 8. Nb3 Nge7 9. Nbxd4 O-O 10. h3 a6 {[%emt 0:06:38] [#] White must now prevent ...Nxd4. C09: French Tarrasch: 3...c5 4 exd5 exd5 5 Ngf3 Nc6.} 11. Bd3 Nxd4 12. Nxd4 Re8 13. c3 Nc6 14. Nf3 {[%emt 0:01:10] [#]} Ne5 $146 ({Predecessor:} 14... Bc7 15. Bg5 Qd6 16. Bh4 Qh6 17. Bc2 Be6 18. Bg3 Bxg3 19. fxg3 Rad8 20. Qd3 g6 {1-0 (59) Caruana,F (2709)-Short,N (2680) Reggio Emilia 2010 CBM 140 [Caruana,F]}) 15. Nxe5 Bxe5 16. Re1 Bd6 17. Be3 Be6 18. Qh5 g6 19. Qh6 Bf8 (19... Be5 $5 ) 20. Qf4 Bd6 21. Qd4 Bf8 22. Bf4 Bg7 23. Be5 f6 24. Bf4 Qd7 25. Bc2 Bf7 26. Bb3 f5 27. Be5 Bxe5 28. Rxe5 Rxe5 29. Qxe5 Re8 30. Qd4 Re4 31. Qd2 Qe6 32. Rd1 Re2 33. Qd4 (33. Qc1 $14) 33... Re1+ 34. Rxe1 Qxe1+ $11 {[%emt 0:00:02][%mdl 4096] Endgame KQB-KQB} 35. Kh2 Qe6 (35... Qc1 $11 {keeps the balance.}) 36. h4 {[%emt 0:01:21] White is more active.} (36. Qd2 $16) 36... h6 (36... Qe2 $11 {remains equal.}) 37. g3 ({Better is} 37. Qd2 $16) 37... g5 38. hxg5 hxg5 39. Qd2 f4 $1 40. Kg1 ({White should try} 40. gxf4 $14 Qh6+ 41. Kg1) 40... Qe5 {[%emt 0:00:48] The position is equal.} 41. Qd3 fxg3 42. Qxg3 Qxg3+ 43. fxg3 Kg7 {[%emt 0:00:07] Weighted Error Value: White=0.17 (very precise) /Black=0.16 (very precise)} 1/2-1/2